 Dungeon Crawl Stone Soup version 0.22-a0-445-g8c8ef71 (webtiles) character file.

50 4thArraOfDagon the Bolt Thrower (level 4, 0/32 HPs)
             Began as a Human Arcane Marksman on June 2, 2018.
             Slain by a goblin
             ... wielding a +0 dagger
              (2 damage)
             ... on level 2 of the Dungeon.
             The game lasted 00:00:58 (137 turns).

4thArraOfDagon the Bolt Thrower (HuAM)               Turns: 137, Time: 00:01:00

Health: 0/32       AC:  1    Str: 10    XL:     4   Next: 4%
Magic:  5/5        EV: 12    Int: 14    God:
Gold:   10         SH:  0    Dex: 14    Spells: 4/5 levels left

rFire    . . .     SeeInvis .   a - +0 hand crossbow
rCold    . . .     Gourm    .   (no shield)
rNeg     . . .     Faith    .   e - +0 robe
rPois    .         Spirit   .   (no helmet)
rElec    .         Reflect  .   (no cloak)
rCorr    .         Harm     .   b - -2 pair of gloves (curse)
MR       .....                  (no boots)
Stlth    +.........             (no amulet)
HPRegen  0.10/turn              (no ring)
MPRegen  0.09/turn              (no ring)

@: no status effects
A: no striking features
a: no special abilities


You were on level 2 of the Dungeon.
You were not hungry.

You visited 1 branch of the dungeon, and saw 2 of its levels.

You collected 10 gold pieces.

Inventory:

Hand Weapons
 a - a +0 hand crossbow (weapon)
 d - a +3 quarterstaff of chaos
Armour
 b - a cursed -2 pair of gloves (worn)
 e - a +0 robe (worn)
 g - a cursed -1 cloak
Wands
 c - a wand of acid (9)
Comestibles
 f - a ration


   Skills:
 - Level 1.0 Fighting
 * Level 4.0 Crossbows
 - Level 2.0 Dodging
 - Level 1.0 Spellcasting
 - Level 3.0 Hexes


You had 4 spell levels left.
You knew the following spells:

 Your Spells              Type           Power        Failure   Level  Hunger
a - Corona                Hex            #......      8%          1    ##.....

Your spell library contained the following spells:

 Spells                   Type           Power        Failure   Level  Hunger
 Cause Fear               Hex            #.........   58%         4    #####..
 Slow                     Hex            #.......     12%         2    ###....
 Portal Projectile        Hex/Tloc       #.....       38%         3    ####...
 Leda's Liquefaction      Hex/Erth       #.........   80%         4    #####..
 Inner Flame              Hex/Fire       #.......     38%         3    ####...


Dungeon Overview and Level Annotations

Branches:
Dungeon (2/15)

Altars:

Annotations:
D:2 Robin


Message History

Evoke which item? (* to show all) (? for menu, Esc to quit)
Aiming: Corrosive Bolt
Press: ? - help, Shift-Dir - straight line, f/p - Crazy Yiuf
Aim: Crazy Yiuf, wielding a quarterstaff of chaos and wearing a cloak (severely wounded)
The bolt of acid hits Crazy Yiuf.
Crazy Yiuf is splashed with acid.
The acid corrodes Crazy Yiuf!
You kill Crazy Yiuf!
Your Crossbows skill increases to level 4!
You have reached level 4!
You feel agile. The goblin completely misses you.
Unknown command.
There is an open door here.
Unknown command.
Things that are here:
a quarterstaff of chaos; a cloak Unknown command.
d - a quarterstaff of chaos;
g - a cloak The goblin hits you with a dagger.
You die...

# ## . ########
##.#..#w########
##.w....#.g##...#
####....g.####gg@..#
....g..#.## ###..)#
###.###### #####
#.....# #.#.###
#.#...# #.##### ..
##


You could see a worm and 3 goblins.

Vanquished Creatures
  Crazy Yiuf (D:2)
  An adder (D:2)
  2 leopard geckos (D:1)
  A giant cockroach (D:2)
  A goblin (D:2)
  A hobgoblin (D:1)
  2 jackals (D:2)
  A quokka (D:2)
10 creatures vanquished.

Notes
Turn   | Place    | Note
-------+----------+-------------------------------------------
     0 | D:1      | 4thArraOfDagon the Human Arcane Marksman began the quest for the Orb.
     0 | D:1      | Reached XP level 1. HP: 15/15 MP: 2/2
    73 | D:2      | Reached skill level 3 in Crossbows
    73 | D:2      | Reached XP level 2. HP: 13/21 MP: 3/3
    83 | D:2      | Reached XP level 3. HP: 18/26 MP: 4/4
    98 | D:2      | Noticed a scorpion
   107 | D:2      | Noticed Robin
   128 | D:2      | Found a runed door.
   132 | D:2      | Noticed Crazy Yiuf
   133 | D:2      | HP: 1/26 [goblin/dagger (4)]
   134 | D:2      | Killed Crazy Yiuf
   134 | D:2      | Reached skill level 4 in Crossbows
   134 | D:2      | Reached XP level 4. HP: 1/32 MP: 5/5
   137 | D:2      | Slain by a goblin

Vault maps used:
D:1:      sevenhm_arrival_forest_fort_small_3, minmay_surrounded
D:2:      chequers_ecumenical_altar_island, xom_redecorated, uniq_robin,
          uniq_crazy_yiuf_cottage

Skill      XL: |  1  2  3 |
---------------+----------+-----
Crossbows      | 3 4 |  4.0
Fighting       | |  1.0
Dodging        | |  2.0
Spellcasting   | |  1.0
Hexes          | |  3.0

Action                   |  1- 3 |  4- 6 || total
-------------------------+-------+-------++-------
 Fire: Hand crossbow     |    27 |       ||    27
Evoke: Wand              |     1 |     1 ||     2
Dodge: Dodged            |    12 |     1 ||    13

Table legend:
 A = Spawn XP
 B = Non-spawn XP
 C = Spawn XP percentage of total XP
 D = Spawn monster count
 E = Non-spawn monster count
 F = Spawn count percentage of total count
 G = Total turns spent on level
                    A         B        C        D         E        F      G
               +---------+---------+-------+---------+---------+-------+---------
         Total |       0 |      72 |   0.0 |       0 |      10 |   0.0 |   137
               +---------+---------+-------+---------+---------+-------+---------
           D:1 |       0 |       8 |   0.0 |       0 |       3 |   0.0 |    65
           D:2 |       0 |      64 |   0.0 |       0 |       7 |   0.0 |    72
               +---------+---------+-------+---------+---------+-------+---------
